 Dungeon Crawl Stone Soup version 0.19.0-24-gb05acd6 (webtiles) character file.

21238 Gargoyl the Schismatic (level 12, 0/138 HPs)
             Began as a Demonspawn Abyssal Knight on Nov 22, 2016.
             Was an Elder of Lugonu.
             Slain by Drunkenshrew's ghost (18 damage)
             ... on level 4 of the Lair of Beasts.
             The game lasted 00:33:15 (18512 turns).

Gargoyl the Schismatic (Demonspawn Abyssal Knight) Turns: 18512, Time: 00:33:16

Health: 0/138      AC: 26    Str: 22    XL:     12   Next: 52%
Magic:  21/21      EV: 12    Int: 13    God:    Lugonu [****..]
Gold:   708        SH: 10    Dex: 14    Spells: 0 memorised, 11 levels left

rFire  + . .     SeeInvis +     l - +4 hand axe (elec)
rCold  + . .     Gourm    .     p - +0 mottled dragon scales
rNeg   . . .     Faith    .     q - +0 shield
rPois  +         Spirit   .     (helmet unavailable)
rElec  +         Reflect  .     R - +2 cloak
rCorr  +         Harm     .     o - +1 pair of gloves
MR     +....                    H - +1 pair of boots
Stlth  ..........               (no amulet)
                                i - ring of poison resistance
                                e - ring of protection from magic

@: mighty, berserking, resistant, sanguine armour, very quick
A: antennae 3, powered by death 1, rot immunity, MP-powered wands, sanguine
armour 2
a: Depart the Abyss, Bend Space, Banish, Corrupt, Renounce Religion


You were on level 4 of the Lair of Beasts.
You worshipped Lugonu.
Lugonu was greatly pleased with you.
You were not hungry.

You visited 2 branches of the dungeon, and saw 15 of its levels.
You visited the Abyss 1 time.

You collected 818 gold pieces.
You spent 110 gold pieces at shops.

Inventory:

Hand Weapons
 d - a +0 war axe
 l - a +4 hand axe of electrocution (weapon)
Missiles
 b - 5 tomahawks (quivered)
Armour
 o - a +1 pair of gloves (worn)
 p - +0 mottled dragon scales (worn)
 q - a +0 shield (worn)
 H - a +1 pair of boots (worn)
 R - a +2 cloak (worn)
Jewellery
 e - a ring of protection from magic (left hand)
 i - a ring of poison resistance (right hand)
 S - a +3 ring of evasion {unknown}
 T - a +5 amulet of reflection {unknown}
Wands
 j - a wand of enslavement (12/24)
 u - a wand of digging (11/24)
 E - a wand of flame (39/48)
 J - a wand of random effects (18/48)
 K - a wand of disintegration (7/24)
 L - a wand of acid (4/15)
 M - a wand of slowing (17/48)
 N - a wand of random effects (32/48)
 O - a wand of iceblast (8/15)
Scrolls
 f - 3 scrolls of teleportation
 h - 3 scrolls of fear
 y - 5 scrolls of remove curse
 A - 3 scrolls of identify
 B - 9 scrolls of amnesia
 C - a scroll of summoning
 F - 5 scrolls of fog
 G - 2 scrolls of blinking
 I - a scroll of enchant armour
Potions
 n - 2 potions of flight
 r - a potion of haste
 s - 2 potions of brilliance
 v - a potion of agility
 x - a potion of cure mutation
 P - 2 potions of curing
 Q - a potion of cancellation
Comestibles
 c - 10 bread rations
 g - 7 fruits
 m - a royal jelly
 t - 4 meat rations
 w - 2 beef jerkies
 D - 2 slices of pizza


   Skills:
 + Level 8.0 Fighting
 + Level 9.5(9.8) Axes
   Level 3.2(6.9) Maces & Flails
 + Level 0.8 Throwing
 * Level 10.1 Armour
 + Level 5.1 Dodging
 + Level 5.8 Shields
 * Level 12.1 Invocations


You had 11 spell levels left.
You didn't know any spells.

Dungeon Overview and Level Annotations

Branches:
Dungeon (11/15)            Temple (0/1) D:7            Lair (4/6) D:8
 Shoals (0/4) Lair:3
  Snake: Lair:2-4    Spider: Lair:2-4       Orc: D:9-12

Altars:
Fedhas
Gozag
Nemelex Xobeh
Qazlal

Shops:
D:5 *   D:9 }

Annotations:
Lair:4 Drunkenshrew's ghost, journeyman DrBe


Innate Abilities, Weirdness & Mutations

You have a pair of large antennae on your head. (SInv)
You regenerate a little health from kills.
You are immune to rotting.
When seriously injured, your bleeding wounds create thick armour. (AC +9)
You expend magic power (3 MP) to strengthen your wands.


Message History

Drunkenshrew's ghost is severely damaged.
Drunkenshrew's ghost hits you!
* * * LOW HITPOINT WARNING * * *
You closely miss Drunkenshrew's ghost.
Drunkenshrew's ghost is severely damaged.
You block Drunkenshrew's ghost's attack.
A red film seems to cover your vision as you go berserk!
You feel yourself moving faster!
You feel mighty!
Drunkenshrew's ghost whispers, "There is no future for you."
Drunkenshrew's ghost barely misses you.
You slash Drunkenshrew's ghost!
There is a sudden explosion of sparks!
Drunkenshrew's ghost is almost destroyed.
You barely miss Drunkenshrew's ghost.
Drunkenshrew's ghost is almost destroyed.
Drunkenshrew's ghost hits you!
* * * LOW HITPOINT WARNING * * *
You slash Drunkenshrew's ghost!
Drunkenshrew's ghost is almost destroyed.
Drunkenshrew's ghost hits you!!
You die...

.%........♣
..........♣
..........♣
..........♣
..........♣
....!.....♣♣
#..........♣♣
#...........♣
#......@....♣
#..(....W....♣
..............♣
#..............
...............
...............
...............
...............


You could see Drunkenshrew's ghost.

Vanquished Creatures
  The ghost of ohados the Transmogrifier, a novice NaTm of Okawaru (D:6)
  A hill giant (D:10)
  A necromancer (Lair:3)
  Pikel (D:7)
  Joseph (D:8)
  Maurice (D:9)
  6 spiny frogs
  Psyche (D:9)
  A black mamba (Lair:3)
  2 rime drakes
  3 komodo dragons
  A merfolk (D:9)
  A hornet (D:10)
  A two-headed ogre (D:9)
  12 blink frogs
  A snapping turtle (Lair:3)
  2 wyverns
  24 yaks
  Grum (D:9)
  A basilisk (Lair:3)
  A steam dragon (D:6)
  A mottled dragon (D:11)
  4 porcupines
  5 water moccasins
  A slave (D:8)
  2 black bears (D:10)
  3 sky beasts
  A centaur (D:9)
  2 phantoms
  5 ogres
  3 wolves
  7 crocodiles
  A big kobold (D:9)
  9 bullfrogs
  A water moccasin zombie (D:5)
  2 scorpions
  A water moccasin skeleton (D:8)
  12 killer bees
  10 wights
  4 crimson imps (D:10)
  A quasit (D:8)
  A bullfrog zombie (D:9)
  4 hounds
  5 jellies
  A gnoll shaman (D:6)
  4 orc priests
  A centaur skeleton (D:7)
  10 orc wizards
  2 bullfrog skeletons (D:6)
  7 iguanas
  2 polar bear simulacra (Lair:3)
  4 worker ants
  2 yak simulacra (Lair:3)
  2 wolf simulacra (Lair:3)
  2 hound skeletons
  10 gnolls
  2 river rats (D:8)
  15 adders
  A shadow imp (D:6)
  3 oozes
  An adder zombie (D:6)
  2 adder skeletons
  A worm (D:3)
  3 dart slugs
  3 leopard geckos
  27 orcs
  A ball python (D:7)
  9 bats
  5 giant cockroaches
  3 goblins
  6 hobgoblins
  14 jackals
  2 quokkas
  7 frilled lizards
  2 goblin zombies (D:11)
  A hobgoblin skeleton (D:11)
  12 kobolds
  2 orc zombies (D:11)
  9 rats
  5 river rat simulacra (Lair:3)
  A fungus (D:8)
333 creatures vanquished.

Vanquished Creatures (collateral kills)
  A wight (D:6)
1 creature vanquished.

Vanquished Creatures (others)
  3 hydras
  2 slaves (D:8)
  A wight (D:7)
  A crimson imp (D:6)
  4 fungi
11 creatures vanquished.

Grand Total: 345 creatures vanquished

Notes
Turn   | Place    | Note
-------+----------+-------------------------------------------
     0 | Abyss:1  | Gargoyl the Demonspawn Abyssal Knight began the quest for the Orb.
     0 | Abyss:1  | Reached XP level 1. HP: 18/18 MP: 2/2
    52 | Abyss:1  | Noticed a large abomination
   154 | Abyss:1  | Noticed a worldbinder
   166 | Abyss:1  | Noticed an orc sorcerer
   171 | D:1      | Escaped the Abyss
   261 | D:1      | Gained mutation: When seriously injured, your bleeding wounds create armour. (AC +9) [demonic ancestry]
   261 | D:1      | Reached XP level 2. HP: 23/24 MP: 3/3
   309 | D:1      | Reached * piety under Lugonu
   574 | D:1      | Reached XP level 3. HP: 27/29 MP: 4/4
   779 | D:2      | Reached skill level 1 in Dodging
  1276 | D:2      | Reached skill level 3 in Invocations
  1321 | D:2      | Reached XP level 4. HP: 19/35 MP: 6/6
  1330 | D:2      | Reached ** piety under Lugonu
  2482 | D:3      | Gained mutation: When seriously injured, your bleeding wounds create thick armour. (AC +9) [demonic ancestry]
  2482 | D:3      | Reached XP level 5. HP: 28/41 MP: 7/7
  2797 | D:4      | Reached *** piety under Lugonu
  3015 | D:4      | Noticed a phantom
  3121 | D:4      | Killed a phantom
  3121 | D:4      | Reached skill level 4 in Invocations
  3121 | D:4      | Gained mutation: You regenerate a little health from kills. [demonic ancestry]
  3121 | D:4      | Reached XP level 6. HP: 19/47 MP: 3/9
  3459 | D:4      | Got a shimmering hand axe
  3465 | D:4      | Identified the +2 hand axe of Action {speed, rC+} (You found it on level 4 of the Dungeon)
  3799 | D:5      | Entered Level 5 of the Dungeon
  3799 | D:5      | Noticed a sky beast
  3812 | D:5      | Killed a sky beast
  3819 | D:5      | Gained mutation: You have a pair of small antennae on your head. [mutagenic meat]
  3820 | D:5      | Gained mutation: Your muscles are strong. (Str +2) [mutagenic meat]
  3821 | D:5      | Gained mutation: You expend magic power (3 MP) to strengthen your wands. [mutagenic meat]
  3822 | D:5      | Gained mutation: You occasionally shout uncontrollably at your foes. [mutagenic meat]
  3843 | D:5      | Found Nuimait's Assorted Antiques.
  3852 | D:5      | Bought a dented filigree amulet for 110 gold pieces
  3883 | D:5      | Reached XP level 7. HP: 31/53 MP: 3/10
  4487 | D:6      | Noticed ohados's ghost (novice NaTm)
  4532 | D:6      | Killed ohados's ghost
  4532 | D:6      | Reached skill level 5 in Armour
  4532 | D:6      | Reached skill level 1 in Shields
  4532 | D:6      | Reached skill level 5 in Invocations
  4532 | D:6      | Gained mutation: You have a pair of antennae on your head. [demonic ancestry]
  4532 | D:6      | Reached XP level 8. HP: 61/61 MP: 10/12
  4761 | D:6      | Reached skill level 5 in Axes
  4848 | D:6      | Reached skill level 6 in Invocations
  5659 | D:7      | Reached XP level 9. HP: 59/66 MP: 14/14
  5994 | D:6      | Reached skill level 7 in Invocations
  6530 | D:7      | Found a staircase to the Ecumenical Temple.
  7032 | D:7      | Reached skill level 5 in Fighting
  7592 | D:6      | Reached **** piety under Lugonu
  8676 | D:8      | Noticed Pikel
  8738 | D:7      | Killed Pikel
  8738 | D:7      | Reached skill level 8 in Invocations
  8738 | D:7      | Gained mutation: You have a pair of large antennae on your head. (SInv) [demonic ancestry]
  8738 | D:7      | Reached XP level 10. HP: 41/76 MP: 14/16
  9040 | D:8      | Found a staircase to the Lair.
  9642 | D:8      | You fall through a shaft!
  9820 | D:9      | Found a stormy altar of Qazlal.
  9824 | D:9      | Found a blossoming altar of Fedhas.
 10197 | D:9      | Noticed Psyche
 10231 | D:9      | Killed Psyche
 10238 | D:9      | Noticed Grum
 10530 | D:9      | Got a warped dire flail
 10536 | D:9      | Identified the +5 dire flail "Iqas" {crush, Dex+2} (You found it on level 9 of the Dungeon)
 10694 | D:8      | Noticed Joseph
 10701 | D:8      | Killed Joseph
 10865 | D:8      | Reached skill level 1 in Maces & Flails
 10887 | D:8      | Reached skill level 9 in Invocations
 11179 | D:9      | Killed Grum
 11422 | D:9      | Found Uxza Iro's Gadget Shoppe.
 11512 | D:9      | Found a sparkling altar of Nemelex Xobeh.
 11512 | D:9      | Found an opulent altar of Gozag.
 11526 | D:9      | Gained mutation: You passively map a small area around you. [mutagenic meat]
 11527 | D:9      | Gained mutation: Your body sometimes deteriorates upon taking damage. [mutagenic meat]
 11544 | D:9      | Noticed Maurice
 11551 | D:9      | Killed Maurice
 11816 | D:9      | Lost mutation: You occasionally shout uncontrollably at your foes. [potion of cure mutation]
 11816 | D:9      | Lost mutation: Your body sometimes deteriorates upon taking damage. [potion of cure mutation]
 11816 | D:9      | Lost mutation: You have a pair of large antennae on your head. (SInv) [potion of cure mutation]
 11816 | D:9      | Lost mutation: Your muscles are strong. (Str +2) [potion of cure mutation]
 11816 | D:9      | Lost mutation: You passively map a small area around you. [potion of cure mutation]
 12067 | D:3      | Reached ***** piety under Lugonu
 12154 | D:10     | Entered Level 10 of the Dungeon
 12761 | D:10     | Gained mutation: You are immune to rotting. [demonic ancestry]
 12761 | D:10     | Reached XP level 11. HP: 69/82 MP: 18/18
 13525 | D:11     | Noticed a hill giant
 13559 | D:10     | Killed a hill giant
 13559 | D:10     | Reached skill level 10 in Invocations
 14046 | Lair:1   | Entered Level 1 of the Lair of Beasts
 14046 | Lair:1   | Noticed a seven-headed hydra
 14050 | Lair:1   | Banished a seven-headed hydra
 14349 | Lair:1   | Noticed a six-headed hydra
 14353 | Lair:1   | Banished a six-headed hydra
 15166 | Lair:2   | Reached skill level 11 in Invocations
 15310 | Lair:2   | Reached skill level 5 in Shields
 15343 | Lair:2   | Noticed a six-headed hydra
 15350 | Lair:2   | Banished a six-headed hydra
 15602 | Lair:2   | Gained mutation: You have a pair of large antennae on your head. (SInv) [demonic ancestry]
 15602 | Lair:2   | Reached XP level 12. HP: 57/91 MP: 20/20
 15892 | Lair:2   | Noticed a four-headed hydra
 15894 | Lair:2   | Banished a four-headed hydra
 16599 | Lair:2   | Reached skill level 5 in Dodging
 16820 | Lair:3   | Reached skill level 10 in Armour
 17263 | Lair:3   | Found a staircase to the Shoals.
 17276 | Lair:3   | Reached skill level 12 in Invocations
 18119 | Lair:4   | Noticed Drunkenshrew's ghost (journeyman DrBe)
 18512 | Lair:4   | Slain by Drunkenshrew's ghost

Skill      XL: |  1  2  3  4  5  6  7  8  9 10 11 12 |
---------------+-------------------------------------+-----
Armour         | 2 3 4 5 6 7 8 9 10 | 10.1
Axes           | 2 3 4 5 6 7 8 9 |  9.5
Dodging        | 1 2 3 4 5 |  5.1
Invocations    | 3 4 5 6 8 9 11 12 | 12.1
Fighting       | 4 5 6 7 8 |  8.0
Shields        | 1 2 3 4 5 |  5.8
Maces & Flails | 3 |  3.2
Throwing       | |  0.8

Action                   |  1- 3 |  4- 6 |  7- 9 | 10-12 || total
-------------------------+-------+-------+-------+-------++-------
Melee: Hand axe          |   119 |   313 |   650 |   778 ||  1860
       Dire flail        |       |       |       |    86 ||    86
Throw: Tomahawk          |       |       |     6 |       ||     6
Invok: Depart the Abyss  |     1 |       |       |       ||     1
       Banish            |       |     1 |     2 |     9 ||    12
       Bend Space        |       |       |     1 |       ||     1
  Use: Scroll            |       |    12 |     5 |    13 ||    30
       Potion            |       |     2 |     2 |    16 ||    20
  Eat: Chunk             |     1 |    13 |     4 |    37 ||    55
       Bread ration      |       |       |     3 |       ||     3
Armor: Scale mail        |    72 |   196 |   249 |   217 ||   734
       Leather armour    |     3 |       |       |       ||     3
       Mottled dragon sc |       |       |       |   114 ||   114
Dodge: Dodged            |    78 |   137 |   130 |   318 ||   663
Block: Shield            |       |    65 |   211 |   341 ||   617
